 Dungeon Crawl Stone Soup version 0.30-a0-457-g4b7bca3bfa (webtiles) character file.

Game seed: 9871153556853225739

14687 zishaf the Zephyrmancer (level 12, 0/82 HPs)
             Began as a Tengu Air Elementalist on Dec 13, 2022.
             Was a Priest of Ashenzari.
             Slain by Harold
             ... wielding a +0 glaive
              (4 damage)
             ... while petrified by a basilisk
             ... on level 1 of the Lair of Beasts.
             The game lasted 00:22:33 (16156 turns).

zishaf the Zephyrmancer (Tengu Air Elementalist)   Turns: 16156, Time: 00:22:34

Health: 0/82       AC:  6    Str:  8    XL:     12   Next: 19%
Magic:  4/20       EV:  2    Int: 26    God:    Ashenzari [***...]
Gold:   570        SH:  0    Dex: 16    Spells: 6/21 levels left

rFire   + . .      SeeInvis +    e - +2 short sword of the Pangnostic Seer {flame, Elem, Cun} (curse)
rCold   . . .      Faith    .    F - +3 buckler "Ose Ewei" {rF+}
rNeg    + + +      Spirit   .    t - +2 robe of the Ruined Empyrean {Archmagi, Fort, Self} (curse)
rPois   ∞          Reflect  .    (helmet restricted)
rElec   .          Harm     .    x - +0 cloak "Pangnostic Rationality" {Bglg, Cun} (curse)
rCorr   .          Rampage  .    c - +0 pair of gloves
Will    .....      Archmagi +    (boots unavailable)
Stlth   +++....... Clarity  +    (no amulet)
HPRegen 0.33/turn                E - +6 ring of intelligence
MPRegen 0.17/turn                a - ring of the Chained God {SInv, Comp, Self} (curse)

@: petrified, marked, flying quickly and evasively, quick
A: beak, talons 3, nimble flight
a: Renounce Religion, Curse Item, Shatter the Chains


You were on level 1 of the Lair of Beasts.
You worshipped Ashenzari.
Ashenzari was most pleased with you.
You visited 3 branches of the dungeon, and saw 13 of its levels.

You collected 570 gold pieces.

Inventory:

Hand Weapons
 e - the cursed +2 short sword of the Pangnostic Seer (weapon) {flame, Elem, Cun}
   (You took it off a kobold on level 4 of the Dungeon)

   It burns those it strikes, dealing additional fire damage.
   It has a curse which improves the following skills: Elements: Fire Magic, Ice
   Magic, Air Magic and Earth Magic.
   Cunning:   Dodging and Stealth.
 C - a +5 dagger
Armour
 c - a +0 pair of gloves (worn)
 p - the +1 ring mail "Qowkar" {rElec rPois rN+ Slay-4}
   (You found it on level 2 of the Dungeon)

   Slay:      It affects your accuracy & damage with ranged weapons and melee
   (-4).
   rElec:     It insulates you from electricity.
   rPois:     It protects you from poison.
   rN:        It protects you from negative energy.
 t - the cursed +2 robe of the Ruined Empyrean (worn) {Archmagi, Fort, Self}
   (You found it on level 3 of the Dungeon)

   It has a curse which improves the following skills: Fortitude: Armour and
   Shields.
   Introspection: Fighting and Spellcasting.
 x - the cursed +0 cloak "Pangnostic Rationality" (worn) {Bglg, Cun}
   (You found it on level 4 of the Dungeon)

   It has a curse which improves the following skills: Beguiling: Conjurations,
   Hexes and Translocations.
   Cunning:   Dodging and Stealth.
 F - the +3 buckler "Ose Ewei" (worn) {rF+}
   (You acquired it on level 9 of the Dungeon)

   rF:        It protects you from fire.
Jewellery
 a - the cursed ring of the Chained God (right hand) {SInv, Comp, Self}
   (You found it on level 4 of the Dungeon)

   [ring of see invisible]

   SInv:      It lets you see invisible.
   It has a curse which improves the following skills: Companions: Summonings
   and Necromancy.
   Introspection: Fighting and Spellcasting.
 E - a +6 ring of intelligence (left hand)
 G - an amulet of guardian spirit
Wands
 k - a wand of charming (1)
 o - a wand of mindburst (11)
 s - a wand of flame (16)
 y - a wand of roots (4)
 z - a wand of digging (8)
 A - a wand of polymorph (6)
 D - a wand of light (12)
Scrolls
 f - a scroll of enchant weapon
 i - a scroll of magic mapping
 j - 4 scrolls of blinking
 q - 2 scrolls of amnesia
 r - 2 scrolls of fog
 u - 5 scrolls of teleportation
 w - 2 scrolls of fear
 B - 2 scrolls of enchant armour
 I - a scroll of summoning
Potions
 b - a potion of magic
 d - 3 potions of berserk rage
 g - 2 potions of cancellation
 h - 3 potions of might
 l - a potion of heal wounds
 m - 3 potions of mutation
 n - 2 potions of haste
 v - 3 potions of curing
 H - a potion of brilliance


   Skills:
 + Level 10.5(12.9) Fighting
 - Level 2.1(4.0) Dodging
 - Level 2.0(3.8) Stealth
 - Level 6.3(8.0) Shields
 - Level 3.0(5.0) Spellcasting
 + Level 13.6(15.1) Conjurations
 + Level 14.1(15.6) Air Magic


You had 6 spell levels left.
You knew the following spells:

 Your Spells              Type           Power      Damage    Failure   Level
a - Shock                 Conj/Air       100%       1d9       0%          1
b - Airstrike             Air            46%        2d(7-23)  1%          4
c - Freezing Cloud        Conj/Ice/Air   37%        6-21      3%          5
z - Mephitic Cloud        Conj/Pois/Air  74%        N/A       1%          3
A - Static Discharge      Conj/Air       100%       2-7/arc   1%          2

Your spell library contained the following spells:

 Spells                   Type           Power      Damage    Failure   Level
 Magic Dart               Conj           100%       1d8       1%          1
 Swiftness                Air            93%        N/A       1%          3
 Irradiate                Conj/Tmut      31%        3d22      12%         5
 Call Imp                 Summ           11%        N/A       13%         2
 Blade Hands              Tmut           4%         N/A       95%         5
 Simulacrum               Ice/Necr       5%         N/A       100%        6
 Dragon Form              Tmut           4%         N/A       100%        7
 Polar Vortex             Ice            5%         N/A       100%        9


Dungeon Overview and Level Annotations

Branches:
Dungeon (11/15)            Temple (1/1) D:4            Lair (1/5) D:10
    Orc: D:9-12

Altars:
Ashenzari
Cheibriados
Dithmenos
Elyvilon
Fedhas
Gozag
Hepliaklqana
Kikubaaqudgha
Makhleb
Nemelex Xobeh
Okawaru
Qazlal
Ru
Sif Muna
Trog
Uskayaw
Vehumet
Wu Jian
Xom
Yredelemnul
Zin
The Shining One

Shops:
D:6 (   D:7 *   D:8 **

Annotations:
D:10 1 runed translucent door, exclusion: upstairs
D:11 1 transporter
Lair:1 Harold


Innate Abilities, Weirdness & Mutations

You have a beak for a mouth.
You have claws for feet.
Your magical nature lets you fly swiftly and evasively.


Message History

You are struck by an arc of lightning.
Harold is struck by an arc of lightning.
Harold is almost dead.
The lightning grounds out.
You block Harold's attack. Harold hits you with a +0 glaive!
* * * LOW HITPOINT WARNING * * *
Your limbs are stiffening.
Casting: Static Discharge (safe; 1% risk of failure)
Confirm with . or Enter, or press ? or * to list all spells.
Aiming: Mephitic Cloud (safe; 1% risk of failure)
Press: ? - help, Shift-Dir - straight line, f - Harold
Aim: Harold, wielding a +0 glaive and wearing a +1 ring mail of willpower (almost dead, chance to affect: 58%)
Okay, then.
Casting: Mephitic Cloud (safe; 1% risk of failure)
Confirm with . or Enter, or press ? or * to list all spells.
You feel a surge of power!
Harold is struck by an arc of lightning.
Harold is almost dead.
You are struck by an arc of lightning.
The lightning grounds out.
Harold barely misses you. The basilisk gazes at you.
You resist with some effort.
You have turned to stone.
Harold hits you with a +0 glaive!
* * * LOW HITPOINT WARNING * * *
The basilisk bites you!
* * * LOW HITPOINT WARNING * * *
Harold hits you with a +0 glaive!!
* * * LOW HITPOINT WARNING * * *
The basilisk bites you.
* * * LOW HITPOINT WARNING * * *
Harold casts a spell at you. A sentinel's mark forms upon you.
The basilisk gazes at you. You resist with some effort.
Harold says, "Do you have any idea what people are willing to pay to have you killed, zishaf?"
Harold casts a spell at you. The mark upon you grows brighter.
The basilisk bites you but does no damage.
Harold hits you with a +0 glaive!
You die...

*.#.,..** * #.... * .#
##.#.* *#.# ....* #..# ,
...## ####### ###P..#
....## #.(...##......#.
,
.#..<####.>.....##......
,####.##................
*##....####....@@....# ,
#.#...#...###..l...... *
, ####......# ###....8..
, ##...### *....... *
###....# #.8...8 * *
#P....## **...[.. *
##...## * ...8.. ##.#.#
* ...... #..FY# *


You could see Harold and a basilisk.

Vanquished Creatures
  Gastronok (D:8)
  2 two-headed ogres
  A manticore (D:11)
  A cyclops (D:11)
  A cane toad (Lair:1)
  A komodo dragon (D:10)
  Psyche (D:9)
  A rime drake (D:10)
  Grinder (D:5)
  3 blink frogs (Lair:1)
  Sigmund (D:3)
  2 wraiths
  17 yaks
  4 wyverns
  A basilisk (D:11)
  8 vampire mosquitoes
  2 acid dragons
  3 water moccasins
  An orc warrior (D:8)
  An ice beast (D:10)
  2 black bears
  A sky beast (D:8)
  2 wolves (D:10)
  2 centaurs
  A kobold brigand (D:9)
  2 phantoms
  Blork the orc (D:6)
  6 bullfrogs
  2 necrophages
  13 scorpions
  15 wights
  16 killer bees
  4 howler monkeys
  3 iron imps (D:3)
  A jelly (D:4)
  4 hounds
  7 orc priests
  3 orc wizards
  Ijyb (D:3)
  Natasha (thrice) (D:2)
  2 iguanas
  5 adders
  4 gnolls (D:3)
  3 shadow imps
  A white imp (D:7)
  A worm (D:3)
  7 dart slugs
  26 orcs
  6 ball pythons
  3 bats
  3 endoplasms
  2 giant cockroaches (D:10)
  10 goblins
  6 hobgoblins
  2 quokkas
  3 frilled lizards (D:2)
  13 kobolds
  7 rats
  A butterfly (D:10)
247 creatures vanquished.

Vanquished Creatures (collateral kills)
  An endoplasm (D:3)
1 creature vanquished.

Vanquished Creatures (others)
  2 fungi (Lair:1)
  A plant (Lair:1)
  5 toadstools (D:1)
8 creatures vanquished.

Grand Total: 256 creatures vanquished

Notes
Turn   | Place    | Note
-------+----------+-------------------------------------------
     0 | D:1      | zishaf the Tengu Air Elementalist began the quest for the
                  | Orb.
     0 | D:1      | Reached XP level 1. HP: 10/10 MP: 4/4
   277 | D:1      | Reached XP level 2. HP: 16/16 MP: 0/6
   365 | D:1      | Learned a level 2 spell: Static Discharge
   612 | D:1      | Reached skill level 1 in Fighting
  1355 | D:2      | Reached XP level 3. HP: 20/20 MP: 1/7
  1419 | D:2      | You are sucked into a shaft and drop 2 floors!
  1427 | D:4      | Found a staircase to the Ecumenical Temple.
  1433 | Temple   | Entered the Ecumenical Temple
  1576 | Temple   | Became a worshipper of Ashenzari the Shackled
  2204 | D:2      | Identified the +1 ring mail "Qowkar" {rElec rPois rN+
                  | Slay-4}
  2240 | D:2      | Reached XP level 4. HP: 26/26 MP: 5/8
  2282 | D:2      | Noticed Natasha
  2285 | D:2      | Killed Natasha
  2286 | D:2      | Reached skill level 5 in Air Magic
  2518 | D:2      | Noticed Natasha
  2528 | D:2      | Killed Natasha
  2529 | D:2      | Gained mutation: Your magical nature lets you fly swiftly
                  | and evasively. [Tengu growth]
  2529 | D:2      | Reached XP level 5. HP: 5/31 MP: 1/9
  2921 | D:2      | Noticed Natasha
  2926 | D:2      | Killed Natasha
  3055 | D:3      | Noticed Sigmund
  3068 | D:3      | Killed Sigmund
  3069 | D:3      | Reached skill level 6 in Air Magic
  3069 | D:3      | Reached XP level 6. HP: 9/37 MP: 1/10
  3434 | D:3      | Noticed Ijyb
  3640 | D:3      | Reached skill level 5 in Conjurations
  3954 | D:3      | Reached * piety under Ashenzari
  3994 | D:3      | Found a burning altar of Makhleb.
  4031 | D:3      | Reached XP level 7. HP: 35/42 MP: 11/11
  4477 | D:3      | Killed Ijyb
  4613 | D:4      | Reached skill level 7 in Air Magic
  4761 | D:4      | Found an opulent altar of Gozag.
  5167 | D:4      | Reached ** piety under Ashenzari
  5274 | D:4      | Found a bloodstained altar of Trog.
  5275 | D:4      | Found an iron altar of Okawaru.
  5449 | D:5      | Entered Level 5 of the Dungeon
  5603 | D:5      | Reached XP level 8. HP: 48/51 MP: 5/13
  5616 | D:5      | Reached skill level 5 in Fighting
  5716 | D:5      | Reached skill level 8 in Air Magic
  5812 | D:5      | Noticed Grinder
  5819 | D:5      | Killed Grinder
  5820 | D:5      | Reached skill level 1 in Shields
  6311 | D:5      | Found a hide-covered altar of Uskayaw.
  6431 | D:6      | Noticed Blork the orc
  6436 | D:6      | Killed Blork the orc
  6472 | D:6      | Reached *** piety under Ashenzari
  6839 | D:6      | Reached skill level 9 in Air Magic
  6839 | D:6      | Reached XP level 9. HP: 47/57 MP: 7/14
  7546 | D:6      | Found Rievosad's Firing Range.
  7723 | D:7      | Learned a level 4 spell: Airstrike
  7819 | D:7      | Found Jisah's Elemental Accessories.
  8493 | D:7      | Found a shadowy altar of Dithmenos.
  8875 | D:8      | Reached skill level 10 in Air Magic
  8953 | D:8      | Noticed Gastronok
  8974 | D:8      | Killed Gastronok
  8975 | D:8      | Reached skill level 5 in Shields
  8975 | D:8      | Reached skill level 10 in Conjurations
  8975 | D:8      | Reached XP level 10. HP: 66/66 MP: 15/15
  9489 | D:8      | Reached skill level 11 in Air Magic
  9623 | D:8      | Found Doelae's General Store.
  9625 | D:8      | Found Nacwops's Specific Store.
  9692 | D:8      | Found a stormy altar of Qazlal.
 10956 | D:9      | Noticed Psyche
 10989 | D:9      | Identified the cursed +2 short sword of the Pangnostic Seer
                  | {flame, Elem, Cun} (You took it off a kobold on level 4 of
                  | the Dungeon)
 10989 | D:9      | Identified the cursed +0 cloak "Pangnostic Rationality"
                  | {Bglg, Cun} (You found it on level 4 of the Dungeon)
 10989 | D:9      | Identified the cursed +2 robe of the Ruined Empyrean
                  | {Archmagi, Fort, Self} (You found it on level 3 of the
                  | Dungeon)
 10989 | D:9      | Identified the cursed ring of the Chained God {SInv, Comp,
                  | Self} (You found it on level 4 of the Dungeon)
 10995 | D:9      | Killed Psyche
 11273 | D:9      | Found a sacrificial altar of Ru.
 11329 | D:9      | HP: 2/69 [/static electricity (6)]
 11330 | D:9      | Reached skill level 12 in Air Magic
 11330 | D:9      | Reached XP level 11. HP: 3/74 MP: 2/17
 11658 | D:9      | Found a radiant altar of Vehumet.
 11667 | D:9      | Found a basalt altar of Yredelemnul.
 11737 | D:9      | Identified a scroll of acquirement
 11835 | D:9      | Acquired the +3 buckler "Ose Ewei" {rF+}
 12255 | D:9      | Found a shimmering blue altar of Sif Muna.
 12615 | D:10     | Entered Level 10 of the Dungeon
 12615 | D:10     | Noticed a two-headed ogre
 12941 | D:10     | Killed a two-headed ogre
 13601 | D:10     | Found a staircase to the Lair.
 13640 | D:10     | Found a runed translucent door.
 13642 | D:10     | Found a runed translucent door.
 13972 | D:10     | Reached skill level 13 in Air Magic
 14207 | D:11     | Noticed a cyclops
 14462 | D:11     | Noticed a manticore
 14466 | D:11     | Killed a manticore
 14674 | D:11     | Noticed a two-headed ogre
 14684 | D:11     | Killed a two-headed ogre
 14818 | D:11     | Found a transporter.
 14822 | D:11     | Noticed a fire crab
 14822 | D:11     | Noticed a fire crab
 14822 | D:11     | Noticed a fire crab
 14857 | D:11     | Reached skill level 10 in Fighting
 14972 | D:11     | Killed a cyclops
 14978 | D:11     | Noticed a red ugly thing
 15185 | Lair:1   | Entered Level 1 of the Lair of Beasts
 15253 | D:10     | Reached XP level 12. HP: 58/82 MP: 2/20
 15614 | Lair:1   | Reached skill level 14 in Air Magic
 16117 | Lair:1   | Learned a level 5 spell: Freezing Cloud
 16121 | Lair:1   | Learned a level 3 spell: Mephitic Cloud
 16133 | Lair:1   | Noticed Harold
 16153 | Lair:1   | HP: 3/82 [basilisk (3)]
 16156 | Lair:1   | Slain by Harold

Illustrated notes

Levels and vault maps discovered:
D:1:      ldierk_walled_garden, layout_loops_corners
D:2:      layout_loops_ring, st_stairs_11, uniq_natasha
D:3:      layout_basic, demons_altar, uniq_sigmund, uniq_ijyb
D:4:      layout_basic, grunt_temple_overflow_bloody_war,
          nicolae_overflow_crystal_walls, minmay_temple_entry_wispy
D:5:      layout_loops_ring, mainiacjoe_overflow_alcove_4, uniq_grinder
D:6:      layout_cave_pools, nicolae_shop_firing_range, uniq_blork_the_orc
D:7:      layout_basic, lemuel_tele_altar, nicolae_elemental_shop
D:8:      layout_basic, mainiacjoe_overflow_24_doors, nicolae_specific_store,
          kennysheep_another_room, uniq_gastronok
D:9:      layout_layer_cave, nicolae_overflow_hidden_temple,
          lemuel_blue_sif_altar, mainiacjoe_overflow_swirl, uniq_psyche
D:10:     lemuel_insect_pit, layout_loops_ring, hellmonk_lair_entry_icy
D:11:     gammafunk_cloud_chamber, layout_stronghold, uniq_maurice
Temple:   nicolae_temple_bog_church
Lair:1:   layout_concentric_octagons, grunt_megastairs_4, serial_bayou_shore_b,
          uniq_nergalle, uniq_harold

Skill      XL: |  1  2  3  4  5  6  7  8  9 10 11 12 |
---------------+-------------------------------------+-----
Conjurations   | 2 3 4 5 6 8 10 11 13 | 13.6
Fighting       | 1 2 3 4 5 7 8 10 | 10.5
Air Magic      | 5 6 7 9 10 12 13 14 | 14.1
Shields        | 2 5 6 |  6.3
Spellcasting   | 3 |  3.0
Dodging        | |  2.1
Stealth        | |  2.0

Action                   |  1- 3 |  4- 6 |  7- 9 | 10-12 || total
-------------------------+-------+-------+-------+-------++-------
Melee: Unarmed           |    14 |       |       |       ||    14
       Kick              |     4 |     6 |    20 |    51 ||    81
       Peck              |     3 |     2 |    15 |    30 ||    50
       Short sword       |     1 |    17 |    72 |   132 ||   222
       Punch             |     1 |       |       |     2 ||     3
 Cast: Shock             |    71 |    80 |   161 |   155 ||   467
       Static Discharge  |       |     3 |    42 |   133 ||   178
       Airstrike         |       |       |       |    24 ||    24
       Mephitic Cloud    |       |       |       |     1 ||     1
Invok: Curse Item        |       |     2 |     2 |     1 ||     5
       Shatter the Chain |       |       |       |     1 ||     1
Evoke: Wand              |       |     2 |       |       ||     2
  Use: Scroll            |     1 |       |     2 |     2 ||     5
       Potion            |       |       |     1 |       ||     1
 Stab: Distracted        |       |       |       |     1 ||     1
Armor: Robe              |     1 |     4 |    24 |    39 ||    68
       Skin              |       |       |       |     1 ||     1
Dodge: Dodged            |    14 |    21 |    90 |   178 ||   303
Block: Buckler           |       |       |       |    87 ||    87

Table legend: (Time is in decaauts)
 A = Elapsed time spent in this place.
 B = Non-inter-level travel time spent in this place.
 C = Inter-level travel time spent in this place.
 D = Time resting spent in this place.
 E = Time spent auto-exploring this place.
 F = Levels seen in this place.
 G = Mean time per level.
                   A        B        C        D        E       F      G
               +--------+--------+--------+--------+--------+-----+--------+
         Total |  15579 |  15041 |    538 |   2994 |  10060 |  13 | 1198.4 |
       Dungeon |  15014 |  14493 |    521 |   2727 |   9914 |  11 | 1364.9 |
        Temple |    160 |    144 |     16 |      0 |    117 |   1 |  160.0 |
          Lair |    404 |    404 |      0 |    267 |     28 |   1 |  404.0 |
               +--------+--------+--------+--------+--------+-----+--------+

Top non-repeatable levels by time:
     D:9: 2213 daAuts
    D:10: 2154 daAuts
     D:8: 1684 daAuts
     D:3: 1536 daAuts
     D:1: 1275 daAuts
     D:2: 1188 daAuts
     D:4: 1120 daAuts
     D:5: 1116 daAuts
     D:7: 1076 daAuts
     D:6: 1012 daAuts
    D:11: 635 daAuts
  Lair:1: 404 daAuts
  Temple: 160 daAuts
